 Dungeon Crawl Stone Soup version 0.31-a0-233-g139696dc86 (webtiles) character file.

Game seed: 16208208759303920167

49 qw the Shooter (level 3, 0/21 HPs)
             Began as a Gargoyle Hexslinger on July 7, 2023.
             Slain by a goblin
             ... wielding a +1 dagger of speed
             ... led by Robin
              (6 damage)
             ... on level 2 of the Dungeon.
             The game lasted 00:00:29 (946 turns).

qw the Shooter (Gargoyle Hexslinger)                 Turns: 946, Time: 00:00:29

Health: 0/21       AC: 10    Str: 11    XL:     3   Next: 75%
Magic:  4/4        EV: 10    Int: 13    God:
Gold:   121        SH:  0    Dex: 14    Spells: 3/4 levels left

rFire   . . .        Y - +1 sling
rCold   . . .        (no shield)
rNeg    + . .        h - +0 ring mail
rPois   inf          e - +1 helmet
rElec   +            (no cloak)
rCorr   .            (no gloves)
SInv    .            (no boots)
Will    .....        (no amulet)
Stlth   +            (no ring)
HPRegen 0.23/turn    (no ring)
MPRegen 0.09/turn

%: no passive effects
@: no status effects
A: sickness immunity, AC +3, negative energy resistance 1, electricity
resistance, torment resistance 1, petrification resistance
a: no special abilities


You were on level 2 of the Dungeon.
You visited 1 branch of the dungeon, and saw 2 of its levels.

You collected 121 gold pieces.


Innate Abilities, Weirdness & Mutations

You are immune to sickness and miasma.
Your stone body is resilient. (AC +3)
You are immune to poison.
You resist negative energy. (rN+)
You are resistant to electric shocks. (rElec)
You are resistant to unholy torment.
You are immune to petrification.


   Skills:
 - Level 2.0 Fighting
 + Level 3.4 Ranged Weapons
 - Level 1.0 Armour
 - Level 1.5 Dodging
 - Level 1.0 Spellcasting
 - Level 2.6 Hexes


You had 3 spell levels left.
You knew the following spells:

 Your Spells              Type           Power      Damage    Failure   Level
a - Slow                  Hex            28%        N/A       22%         1

Your spell library contained the following spells:

 Spells                   Type           Power      Damage    Failure   Level
 Inner Flame              Hex/Fire       4%         N/A       75%         3
 Portal Projectile        Hex/Tloc       8%         N/A       75%         3
 Cause Fear               Hex            3%         N/A       91%         4

Inventory:

Hand Weapons
 Y - a +1 sling (weapon)
Armour
 e - a +1 helmet (worn)
 h - a +0 ring mail (worn)
Scrolls
 a - a scroll of revelation {unknown}
 b - a scroll of noise {unknown}
 f - a scroll of identify
Potions
 c - a potion of lignification {unknown}
 d - a potion of magic {unknown}

Dungeon Overview and Level Annotations

Branches:
Dungeon (2/15)

Altars:

Annotations:
D:2 Robin


Message History

You shoot a sling bullet. The sling bullet hits the hobgoblin.
The hobgoblin is lightly wounded.
Robin throws the goblin at you!
The hobgoblin hits you but does no damage.
The hobgoblin barely misses you.
The goblin hits you with a +1 dagger of speed.
The hobgoblin misses you. The hobgoblin hits you.
You shoot a sling bullet.
The sling bullet barely misses the hobgoblin.
The sling bullet hits the goblin!
You kill the goblin!
The goblin hits you but does no damage. The hobgoblin completely misses you.
The hobgoblin closely misses you. The goblin hits you but does no damage.
You shoot a sling bullet.
The sling bullet hits the hobgoblin but does no damage.
The hobgoblin is lightly wounded.
The goblin hits you with a +1 dagger of speed.
The hobgoblin hits you. The hobgoblin completely misses you.
The goblin completely misses you.
The hobgoblin hits you but does no damage.
The hobgoblin closely misses you.
You shoot a sling bullet. The sling bullet hits the hobgoblin.
The hobgoblin is moderately wounded.
The goblin barely misses you. The goblin completely misses you.
The hobgoblin closely misses you.
The hobgoblin hits you but does no damage.
You shoot a sling bullet. The sling bullet hits the hobgoblin.
The hobgoblin is severely wounded.
The goblin barely misses you. The hobgoblin barely misses you.
The hobgoblin closely misses you. The goblin misses you.
You shoot a sling bullet.
The sling bullet hits the hobgoblin but does no damage.
The hobgoblin is severely wounded.
The goblin hits you but does no damage. The hobgoblin barely misses you.
The hobgoblin closely misses you. The goblin hits you but does no damage.
The hobgoblin barely misses you. x2
You shoot a sling bullet. The sling bullet hits the hobgoblin.
You kill the hobgoblin!
The goblin hits you with a +1 dagger of speed.
You die...

. .# ###.# ..... %#.#
..# . .... ...# #.#. ..
...# #..# #.#. ... ...
#..## #.#. .... .g #...#
#.#. >....#g #.#.# #..
.....rg#### #.#.# #.#
.....g)@g.###.#.#####.##
......###...............
..... #####.....##..##
.... ####...).## ...
##.#.## .. #....# .
#...## #...# #####


You could see Robin, a hobgoblin (strong), 3 goblins and a rat.

Vanquished Creatures
  7 endoplasms
  3 giant cockroaches
  13 goblins
  4 hobgoblins
  4 jackals (D:1)
  A quokka (D:1)
  3 ball pythons
  A bat (D:1)
  A kobold (D:1)
  2 rats (D:2)
39 creatures vanquished.

Notes
Turn   | Place    | Note
-------+----------+-------------------------------------------
     0 | D:1      | qw the Gargoyle Hexslinger began the quest for the Orb.
     0 | D:1      | Reached XP level 1. HP: 12/12 MP: 2/2
     0 | D:1      | 0 ||| qw: Version: 0.3-a-46-gb1f654a
     0 | D:1      | 0 ||| qw: Game counter: 3044
     0 | D:1      | 0 ||| qw: Melee chars always use a shield: true
     0 | D:1      | 0 ||| qw: God list: Okawaru
     0 | D:1      | 0 ||| qw: Allow faded altars: false
     0 | D:1      | 0 ||| qw: Do Orc after clearing Dungeon:15 true
     0 | D:1      | 0 ||| qw: Do second Lair branch before Depths: true
     0 | D:1      | 0 ||| qw: Lair rune preference: random
     0 | D:1      | 0 ||| qw: Goals: Normal
     0 | D:1      | 0 ||| PLANNING D:1-11
   141 | D:1      | Reached XP level 2. HP: 16/16 MP: 3/3
   207 | D:1      | Reached skill level 3 in Ranged Weapons
   339 | D:1      | 339 ||| Stepping ~*~*~tactically~*~*~ (outnumbered).
   355 | D:1      | HP: 4/17 [hobgoblin (4)]
   361 | D:1      | Reached XP level 3. HP: 4/21 MP: 4/4
   364 | D:1      | HP: 3/21 [jackal (3)]
   746 | D:1      | 746 ||| UPGRADING to +1 helmet.
   751 | D:1      | 751 ||| UPGRADING to +0 leather armour.
   761 | D:1      | 761 ||| DROPPING +0 robe.
   762 | D:1      | 762 ||| UPGRADING to +0 ring mail.
   772 | D:1      | 772 ||| DROPPING +0 leather armour.
   773 | D:1      | 773 ||| DROPPING ring of wizardry.
   774 | D:1      | 774 ||| READING scroll labelled VURYUR BENKIS.
   792 | D:1      | 792 ||| READING scroll labelled WOINWE NYSEBIA.
   793 | D:1      | 793 ||| DROPPING scroll of poison.
   912 | D:2      | Reached skill level 1 in Armour
   926 | D:2      | Noticed Robin
   942 | D:2      | HP: 5/21 [hobgoblin[Robin] (5)]
   946 | D:2      | Slain by a goblin

Levels and vault maps discovered:
D:1:      dpeg_arrival_castle, layout_loops_cross, minmay_unequal
D:2:      layout_rooms, uniq_robin

Skill      XL: |  1  2  3 |
---------------+----------+-----
Ranged Weapons | 3 |  3.4
Fighting       | 2 |  2.0
Armour         | 1 |  1.0
Dodging        | |  1.5
Spellcasting   | |  1.0
Hexes          | |  2.6

Action                     || total
---------------------------++-------
   Fire: Sling             ||   129
    Use: Scroll            ||     2
 Armour: Robe              ||    22
         Ring mail         ||    24
  Dodge: Dodged            ||    84

Table legend:
 A = Non-vault XP
 B = Vault XP
 C = Vault XP percentage of total XP
 D = Non-vault monster count
 E = Vault monster count
 F = Vault count percentage of total count
                 A         B        C        D         E       F
            +---------+---------+-------+---------+---------+-------
      Total |      54 |      18 |  25.0 |      30 |       9 |  23.1
            +---------+---------+-------+---------+---------+-------
        D:1 |      39 |       4 |   9.3 |      21 |       2 |   8.7
        D:2 |      15 |      14 |  48.3 |       9 |       7 |  43.8
            +---------+---------+-------+---------+---------+-------
